Map: Acid Plant LE

Players

LicoZhou - Winner!

  • Race: Zerg Zerg
  • League: Master
  • Spawn Location: 5:00

Qolt

  • Race: Terran Terran
  • League: Master
  • Spawn Location: 11:00

VOD

Have the link to the VOD?

Description

Time

  • Played on: Nov. 17, 2018, 3:15 a.m.
  • Length: 15:54
Show
View Real Time Build Order
Export as new Build Order

LicoZhou Zerg - Winner!

Build Orders: Pool First, Lurkers 

Get SALT Encoding   

  12  0:01  Drone  
  13  0:08  Drone  
  14  0:18  Overlord  
  14  0:24  Drone, Extractor  
  15  0:37  Drone x2  
  17  0:44  Drone  
  18  0:51  Spawning Pool  
  18  0:56  Drone  
  18  0:59  Extractor  
  17  1:06  Drone  
  18  1:17  Hatchery  
  17  1:20  Drone  
  18  1:27  Drone  
  19  1:38  Zergling x2, Queen  
  22  1:48  Overlord  
  22  2:08  Drone  
  23  2:13  Drone, Queen  
  26  2:23  Hatchery  
  26  2:26  Drone  
  26  2:29  Metabolic Boost  
  25  2:32  Drone  
  25  2:34  Drone  
  27  2:41  Drone  
  28  2:44  Drone  
  28  2:46  Drone x2  
  31  2:54  Drone  
  31  2:56  Zergling x4  
  34  3:06  Drone  
  34  3:09  Queen, Extractor  
  37  3:24  Overlord  
  37  3:27  Overlord  
  37  3:34  Overlord  
  37  3:35  Drone x2  
  37  3:36  Drone x2  
  37  3:37  Drone  
  42  3:41  Queen  
  42  3:42  Drone  
  42  3:43  Extractor  
  42  3:44  Drone x2, Extractor  
  47  3:49  Drone  
  47  3:50  Drone  
  47  3:55  Zergling x2  
  50  3:56  Zergling x6  
  50  4:00  Drone  
  50  4:01  Baneling Nest, Zergling x2  
  54  4:09  Zergling x2  
  55  4:10  Zergling x2  
  55  4:12  Drone  
  53  4:19  Drone x2  
  53  4:23  Drone  
  54  4:30  Drone x2  
  56  4:32  Drone x3  
  59  4:42  Drone x2  
  59  4:43  Drone  
  59  4:45  Hatchery  
  61  4:47  Lair  
  61  4:54  Drone x6, Extractor  
  61  4:55  Evolution Chamber, Extractor  
  61  4:56  Evolution Chamber  
  61  4:57  Drone  
  61  4:58  Spore Crawler  
  64  5:00  Drone x2, Spore Crawler  
  64  5:04  Drone  
  64  5:05  Drone, Spore Crawler  
  65  5:08  Drone  
  66  5:19  Overlord  
  66  5:24  Zerg Melee Weapons Level 1  
  66  5:26  Hatchery  
  66  5:27  Zerg Ground Armor Level 1  
  65  5:28  Overlord  
  65  5:29  Zergling x2  
  65  5:33  Baneling  
  65  5:35  Baneling  
  66  5:38  Drone x5  
  66  5:39  Zergling x4, Drone  
  74  5:43  Overlord  
  74  5:48  Drone x2  
  76  5:50  Extractor  
  76  5:52  Extractor  
  76  5:53  Zergling x6  
  76  5:55  Drone x5  
  82  5:57  Zergling x2  
  82  5:58  Zergling x2  
  84  6:06  Baneling  
  83  6:11  Zergling x6  
  86  6:20  Drone x9  
  86  6:21  Centrifical Hooks  
  94  6:26  Zergling x2  
  94  6:27  Overlord  
  94  6:28  Overlord  
  95  6:42  Zergling x4  
  89  6:48  Drone  
  89  6:49  Drone x4  
  89  6:50  Drone x2  
  89  6:51  Zergling x2, Drone x3  
  100  6:54  Zergling x2, Extractor  
  100  6:55  Zergling x6, Queen, Hydralisk Den  
  100  6:56  Queen  
  100  6:57  Infestation Pit  
  100  6:58  Zergling x2  
  106  7:03  Overlord, Zergling x4  
  106  7:04  Zergling x4  
  110  7:14  Overlord x2  
  110  7:15  Overlord  
  110  7:16  Overlord  
  110  7:27  Baneling  
  110  7:28  Baneling x14  
  110  7:29  Zergling x10  
  115  7:30  Zergling x6  
  115  7:34  Baneling x3  
  115  7:35  Overlord, Baneling x3  
  115  7:36  Zergling x10  
  122  7:37  Zergling x2  
  122  7:38  Zergling x2  
  122  7:40  Zergling x6  
  122  7:41  Zergling x2  
  122  7:43  Zerg Melee Weapons Level 2  
  128  7:48  Zergling x2  
  128  7:49  Zergling x6  
  128  7:51  Zergling x4  
  134  7:58  Zergling x8  
  137  7:59  Zergling x10  
  142  8:06  Zergling x2  
  142  8:08  Zergling x2  
  142  8:09  Zergling x4  
  134  8:17  Zergling x4  
  134  8:19  Zergling x6  
  125  8:23  Zergling x12  
  125  8:24  Zergling x8  
  125  8:25  Drone  
  128  8:27  Muscular Augments, Hive  
  128  8:30  Zerg Ground Armor Level 2  
  128  8:32  Drone  
  128  8:33  Drone  
  130  8:34  Drone, Extractor  
  130  8:35  Drone x4, Extractor  
  130  8:40  Zergling x6  
  126  8:46  Spire, Hydralisk x4  
  126  8:48  Drone x2, Lurker Den  
  127  9:03  Zergling x30  
  127  9:05  Zergling x2  
  127  9:07  Zergling x4  
  127  9:08  Zergling x4  
  127  9:09  Baneling x3  
  147  9:10  Zergling x2  
  139  9:19  Zergling x2, Drone  
  139  9:20  Zergling x4  
  139  9:22  Zergling x4  
  139  9:23  Zergling x2  
  135  9:24  Baneling x3  
  135  9:25  Baneling x4  
  135  9:29  Zergling x8  
  133  9:39  Zergling x8  
  133  9:45  Zergling x6  
  140  9:50  Grooved Spines  
  139  9:54  Zergling x2  
  139  9:59  Zergling x4  
  122  10:00  Zergling x4  
  122  10:03  Baneling x4  
  122  10:04  Zergling x4  
  122  10:06  Zergling x2  
  125  10:10  Greater Spire  
  125  10:17  Zergling x6  
  122  10:23  Zergling x4  
  122  10:24  Zergling x6  
  122  10:27  Zergling x2  
  122  10:28  Zergling x2, Baneling  
  115  10:29  Baneling x10  
  115  10:30  Baneling x2, Hydralisk  
  116  10:36  Hydralisk x3  
  116  10:39  Swarm Host  
  116  10:40  Zergling x2  
  126  10:43  Extractor  
  126  10:44  Hatchery  
  126  10:47  Hydralisk  
  126  10:48  Hydralisk x6  
  126  10:49  Hydralisk  
  140  10:51  Zerg Melee Weapons Level 3  
  140  11:00  Hydralisk  
  141  11:04  Corruptor x2  
  141  11:06  Lurker x2  
  141  11:10  Hatchery  
  146  11:16  Lurker  
  142  11:20  Hydralisk x2  
  142  11:25  Corruptor  
  146  11:46  Overlord  
  141  11:49  Overlord  
  141  11:51  Overlord x2  
  141  11:52  Overlord  
  141  11:54  Overlord  
  141  12:01  Overlord  
  141  12:04  Zerg Ground Armor Level 3  
  140  12:16  Hydralisk x4  
  140  12:17  Hydralisk x3  
  140  12:20  Hatchery  
  140  12:21  Zergling x2  
  148  12:31  Brood Lord  
  143  12:40  Zergling x6, Corruptor x3  
  143  12:41  Corruptor x2  
  153  12:48  Lurker x2  
  153  12:49  Zergling x4  
  153  12:50  Zergling x4  
  159  12:53  Extractor  
  159  12:54  Extractor  
  159  12:58  Corruptor  
  157  12:59  Zergling x2  
  160  13:11  Zergling x6  
  161  13:15  Brood Lord  
  161  13:18  Zergling x2  
  165  13:20  Zergling x2  
  165  13:21  Zergling x4  
  166  13:29  Brood Lord x2  
  164  13:36  Zergling x8  
  164  13:39  Zergling x4  
  158  13:41  Zergling x4  
  158  13:42  Zergling x2  
  158  13:44  Zergling x4, Hatchery  
  158  13:46  Hatchery  
  157  13:51  Drone x2  
  157  13:53  Drone x2  
  161  14:02  Zergling x2  
  162  14:04  Drone  
  162  14:05  Drone  
  162  14:13  Hatchery  
  161  14:20  Zergling x2  
  162  14:31  Overlord  
  162  14:37  Brood Lord  
  162  14:45  Overlord  
  162  14:47  Overlord x2  
  162  14:53  Swarm Host  
  162  14:55  Lurker  
  162  14:56  Lurker x4  
  162  14:57  Hydralisk  
  162  14:58  Hydralisk x4  
  180  15:00  Zergling x4  
  182  15:08  Zergling x6  
  182  15:11  Zergling x4  
  184  15:20  Zergling x6  
  187  15:23  Brood Lord x2  
Show
View Real Time Build Order
Export as new Build Order

Qolt Terran 

Build Orders: Gas First Reaper Expand, Reaper Expand 

Get SALT Encoding   

  12  0:02  SCV  
  13  0:14  SCV  
  14  0:18  Supply Depot  
  14  0:26  SCV  
  15  0:30  Refinery  
  15  0:39  SCV  
  16  0:45  Barracks  
  16  0:51  SCV  
  17  1:03  SCV  
  18  1:16  SCV  
  19  1:31  Orbital Command  
  19  1:33  Reaper  
  20  1:46  Command Center  
  20  1:56  Factory  
  20  2:00  SCV  
  21  2:04  Marine  
  22  2:17  SCV  
  22  2:20  Supply Depot  
  23  2:32  Barracks Reactor  
  23  2:41  SCV  
  24  2:45  Hellion  
  26  2:54  SCV  
  27  2:59  Orbital Command  
  27  3:04  Command Center  
  27  3:06  SCV  
  28  3:14  Barracks Tech Lab  
  28  3:16  Hellion  
  28  3:18  SCV, Hellion  
  33  3:26  SCV  
  34  3:30  Supply Depot, SCV  
  34  3:32  Marine  
  36  3:34  Stimpack  
  36  3:40  Hellion  
  38  3:42  Hellion  
  38  3:44  SCV  
  38  3:47  SCV  
  42  3:53  Supply Depot  
  42  3:54  Marine  
  43  3:57  SCV  
  43  3:59  SCV  
  45  4:04  Refinery  
  45  4:12  Marine  
  44  4:20  Hellion  
  44  4:21  Hellion  
  45  4:25  Barracks x2  
  45  4:28  Supply Depot  
  45  4:29  SCV x2  
  47  4:37  Marine  
  48  4:42  Starport  
  48  4:45  Orbital Command  
  47  4:48  SCV x2  
  47  4:50  Supply Depot  
  49  4:58  Marine  
  50  5:02  Factory Tech Lab  
  50  5:04  Engineering Bay  
  50  5:05  Engineering Bay  
  50  5:13  SCV x2  
  52  5:15  SCV  
  52  5:16  Marine  
  54  5:23  Barracks Reactor  
  54  5:25  SCV x2  
  54  5:26  Marine x2  
  54  5:27  SCV, Starport Reactor  
  59  5:33  Terran Infantry Armor Level 1, Terran Infantry Weapons Level 1  
  59  5:34  Combat Shield, Marine  
  59  5:35  Refinery  
  60  5:37  SCV, Refinery  
  60  5:38  SCV  
  60  5:39  SCV  
  63  5:43  Marine  
  63  5:45  Siege Tank  
  63  5:46  Marine  
  63  5:49  SCV  
  69  5:51  Marine, Supply Depot  
  69  5:53  SCV  
  69  5:54  SCV  
  72  5:59  Marine x2  
  72  6:01  Marine, SCV  
  76  6:05  Marine  
  76  6:06  Medivac  
  76  6:09  Marine  
  80  6:17  Marine x2  
  82  6:19  Marine  
  82  6:21  Barracks, Siege Tank  
  82  6:24  Barracks x2  
  84  6:28  Marine x2  
  84  6:32  Orbital Command  
  86  6:37  Marine x2  
  88  6:45  Armory  
  88  6:50  SCV x2  
  88  6:55  Marine x4  
  88  6:56  Siege Tank  
  88  7:00  Factory  
  95  7:07  Marine  
  96  7:09  Barracks Tech Lab  
  96  7:11  Barracks Tech Lab  
  96  7:12  Barracks Reactor  
  96  7:13  Marine  
  96  7:14  Medivac  
  99  7:18  SCV x2  
  101  7:36  Supply Depot  
  101  7:37  Terran Vehicle Weapons Level 1  
  101  7:38  Supply Depot  
  101  7:44  Marine x6, SCV x2  
  101  7:46  Factory Tech Lab  
  109  7:57  Siege Tank, Marine, Medivac  
  115  8:01  Marine x6  
  121  8:05  Marine x2  
  121  8:08  Siege Tank  
  119  8:15  Marine  
  119  8:19  Marine x5  
  107  8:23  Marine x3  
  107  8:25  SCV  
  107  8:26  SCV  
  99  8:27  Refinery  
  99  8:28  Refinery  
  99  8:30  Siege Tank  
  99  8:31  SCV  
  99  8:33  Marine  
  104  8:36  Terran Infantry Weapons Level 2  
  104  8:37  Marine x4  
  104  8:38  SCV  
  104  8:40  Siege Tank  
  112  8:42  SCV  
  112  8:43  SCV  
  112  8:47  Marine x4, Command Center  
  118  8:50  SCV  
  118  8:51  Marine  
  118  8:55  Marine x4  
  124  9:04  Marine  
  125  9:14  Marine x2  
  125  9:15  Marine x2  
  125  9:17  Marine  
  125  9:18  Marine  
  125  9:49  Supply Depot  
  125  9:50  Terran Infantry Armor Level 2  
  125  9:54  Marine x3  
  125  9:55  Marine x2, SCV  
  125  10:03  Concussive Shells  
  125  10:04  SCV  
  125  10:10  Marine x4  
  125  10:11  Medivac, SCV x2  
  125  10:14  Marine x2  
  133  10:16  Medivac  
  133  10:17  Marine  
  133  10:18  SCV  
  133  10:19  Marauder  
  132  10:22  Marauder  
  132  10:23  SCV, Siege Tank x2  
  121  10:28  Marine x4  
  121  10:30  SCV  
  121  10:31  SCV  
  121  10:32  Marine  
  129  10:35  SCV  
  129  10:43  Medivac, SCV x2  
  129  10:46  Medivac  
  135  10:50  Marine x2  
  135  10:51  Marine x5  
  135  10:55  Siege Tank  
  135  10:56  Siege Tank  
  148  11:02  SCV x2  
  146  11:08  Orbital Command, Marine x2  
  146  11:09  Marine  
  138  11:14  Marine  
  138  11:15  Marine x2  
  135  11:24  Planetary Fortress  
  135  11:27  Siege Tank  
  135  11:28  Marine x3, Siege Tank  
  135  11:29  Marine  
  135  11:30  SCV  
  146  11:33  Marine  
  146  11:34  Marine  
  148  11:41  Terran Infantry Weapons Level 3  
  148  12:00  Supply Depot  
  148  12:03  Supply Depot  
  148  12:12  Marine x3  
  148  12:13  Marine x2  
  148  12:14  Marine, SCV  
  141  12:49  Supply Depot  
  141  13:38  Supply Depot x2  
  136  13:42  Marine  
  136  13:44  Marine  
  133  13:59  Marine x2  
  133  14:00  SCV x3, Marine x4, Viking x2, Siege Tank  
  149  14:14  Ghost Academy  
  149  14:25  Command Center  
  149  14:45  Supply Depot  
  149  14:48  Supply Depot  
  149  14:50  Marine  
  149  14:52  Marine x2  
  149  14:53  Marine x4  
  149  14:54  Marine  
  149  14:58  Marine, Viking  
  148  15:00  Viking  
  148  15:03  Thor  
  148  15:06  Thor  
  153  15:10  Marine x3  
  153  15:11  Marine  
  136  15:22  Marine x2  
  136  15:23  Marine x3  
  136  15:27  Marine  
  138  15:35  Marine x3  
Tags
 
Add a new tag
Caveats
  • Supply blocks, unpowered buildings, or Contaminate may cause inaccurate times.
  • Supply counts are checked every 10 seconds.